 Dungeon Crawl Stone Soup version 0.17-a0-1987-gaf5a542 (webtiles) character file.

329 hexophile the Ruffian (level 6, -5/59 HPs)
             Began as a Troll Monk on Oct 6, 2015.
             Slain by an ogre
             ... wielding a +0 giant club
              (27 damage)
             ... on level 4 of the Dungeon.
             The game lasted 00:03:52 (1515 turns).

hexophile the Ruffian (Troll Monk)                  Turns: 1515, Time: 00:03:52

Health: -5/59      AC:  6    Str: 20    XL:     6   Next: 25%
Magic:  5/5        EV: 10    Int:  6    God:
Gold:   145        SH:  0    Dex: 14    Spells: 0 memorised, 5 levels left

rFire  . . .     SeeInvis .       - Unarmed
rCold  . . .     Clarity  .     i - +0 robe (curse)
rNeg   . . .     SustAt   .     (no shield)
rPois  .         Gourm    +     e - +0 hat
rElec  .         Spirit   .     m - +0 cloak
rCorr  .         Warding  .     (gloves unavailable)
rMut   .         Stasis   .     (boots unavailable)
MR     .....                    (no amulet)
Stlth  ++........               (no ring)
                                (no ring)

@: not resistant to hostile enchantments, unstealthy
A: unfitting armour, claws 3, fast metabolism 3, gourmand, regeneration 2,
shaggy fur 1, tough skin 2
a: no special abilities


You were on level 4 of the Dungeon.
You were not hungry.

You visited 1 branch of the dungeon, and saw 4 of its levels.

You collected 145 gold pieces.


Innate Abilities, Weirdness & Mutations

You are too large for most types of armour.
You have claws for hands.
Your metabolism is lightning-fast.
You like to eat raw meat.
You heal very quickly.
You are covered in fur (AC +1).
You have very tough skin (AC +2).

Inventory:

Armour
 e - a +0 hat (worn)
 i - a cursed +0 robe (worn)
 m - a +0 cloak (worn)
Wands
 j - a wand of magic darts (25)
Scrolls
 a - a scroll of amnesia
 h - a scroll of identify
Potions
 c - a potion of haste {unknown}
 d - a potion of flight {unknown}
 f - a potion of heal wounds {unknown}
 g - 3 potions of brilliance
 k - a potion of curing {unknown}
Comestibles
 b - 3 bread rations
 l - a slice of pizza


You had 5 spell levels left.
You didn't know any spells.


   Skills:
 - Level 2.4 Fighting
 - Level 2.4 Dodging
 - Level 1.1 Stealth
 + Level 7.6 Unarmed Combat

Dungeon Overview and Level Annotations

Branches:
Dungeon (4/15)
 Temple: D:4-7

Altars:
Elyvilon
Vehumet
Zin
The Shining One

Annotations:
D:2 exclusion: downstairs

Vault maps used:
D:1:      lightli_arrival_quake
D:2:      kennysheep_big_flooded_room, vehumet_crystals, first_bread
D:3:      old_standard_altar, ashenzari_conservatory_becter,
          nemelex_lonely_heart_becter, uniq_natasha
D:4:      good_gods_mini_temple, lemuel_coloured_pillars_altar,
          gup_sewer_entry_bubbles, uniq_blork_the_orc
You       could see an ogre and a water moccasin skeleton.


Message History

You take 1 damage, and have 58/59 hp.
You scratch the worm.
The worm is lightly wounded.
You claw the worm!
The worm is severely wounded.
The worm bites you.
You take 2 damage, and have 56/59 hp.
You barely miss the worm.
The worm is severely wounded.
You scratch the worm but do no damage.
The worm is severely wounded.
The worm bites you!
You take 10 damage, and have 46/59 hp.
You claw the worm!
You kill the worm!
You see here a worm corpse.
k - a red potion You hear the brisk rusting of a distant drain.
You open the door.
Found a stone staircase leading down.
There is an open door here.
Found 11 gold pieces.
A giant cockroach comes into view.
Health restored: 59 An ogre comes into view.
It is wielding a giant club.
A water moccasin skeleton comes into view.
Found a chain mail.
The helpless giant cockroach fails to defend itself.
You claw the giant cockroach!
You kill the giant cockroach!
The ogre barely misses you.
The water moccasin skeleton bites you but does no damage.
You see here a giant cockroach corpse.
You barely miss the ogre. The water moccasin skeleton bites you.
The ogre hits you with a giant club!
You take 10 damage, and have 49/59 hp.
You mangle the ogre!!
The ogre is severely wounded.
The water moccasin skeleton bites you.
You take 4 damage, and have 45/59 hp.
You scratch the ogre but do no damage.
The ogre is severely wounded.
The ogre hits you with a giant club!! The water moccasin skeleton bites you.
* * * LOW HITPOINT WARNING * * *
You take 23 damage, and have 22/59 hp.
MASSIVE DAMAGE!!
You claw the ogre!
The ogre is almost dead.
The water moccasin skeleton closely misses you.
The ogre hits you with a giant club!!
You die...

Action                   |  1- 3 |  4- 6 || total
-------------------------+-------+-------++-------
Melee: Unarmed           |   104 |    65 ||   169
Evoke: Wand              |     2 |       ||     2
  Use: Scroll            |     4 |       ||     4
       Potion            |       |     1 ||     1
 Stab: Sleeping          |       |     1 ||     1
  Eat: Chunk             |     7 |     5 ||    12

Notes
Turn   | Place    | Note
--------------------------------------------------------------
     0 | D:1      | hexophile the Troll Monk began the quest for the Orb.
     0 | D:1      | Reached XP level 1. HP: 22/22 MP: 0/0
   200 | D:1      | Reached XP level 2. HP: 25/29 MP: 1/1
   443 | D:2      | Reached skill level 5 in Unarmed Combat
   443 | D:2      | Reached XP level 3. HP: 34/36 MP: 2/2
   731 | D:2      | Found a radiant altar of Vehumet.
  1023 | D:3      | Reached XP level 4. HP: 29/44 MP: 3/3
  1100 | D:3      | Reached skill level 6 in Unarmed Combat
  1181 | D:4      | Noticed 4thArraOfDagon's ghost (amateur DrMo)
  1324 | D:4      | Killed 4thArraOfDagon's ghost
  1324 | D:4      | Reached skill level 7 in Unarmed Combat
  1324 | D:4      | Reached XP level 5. HP: 43/50 MP: 4/4
  1388 | D:4      | Reached XP level 6. HP: 49/59 MP: 5/5
  1397 | D:4      | Found a glowing silver altar of Zin.
  1397 | D:4      | Found a white marble altar of Elyvilon.
  1397 | D:4      | Found a glowing golden altar of the Shining One.
  1507 | D:4      | Noticed an ogre
  1515 | D:4      | Slain by an ogre

Table legend:
 A = Turns spent in this place as a percentage of turns spent in the entire game.
 B = Non-inter-level travel turns spent in this place as a percentage of non-inter-level travel turns spent in the entire game.
 C = Inter-level travel turns spent in this place as a percentage of turns spent in this place.
 D = Turns resting spent in this place as a percentage of non-inter-level travel turns spent in this place.
 E = Turns spent auto-exploring this place as a percentage of non-inter-level travel turns spent in this place.
 F = Non-inter-level travel turns spent in this place divided by the number of levels of this place that you've seen.
                   A       B       C       D       E      F
               +-------+-------+-------+-------+-------+----------------------
         Total | 100.0 | 100.0 |   0.6 |   1.7 |   7.3 | 177.2
       Dungeon | 100.0 | 100.0 |   0.6 |   1.7 |   7.3 | 177.2
               +-------+-------+-------+-------+-------+----------------------

Table legend:
 A = Kills in this place as a percentage of kills in entire the game.
 B = Kills by you in this place as a percentage of kills by you in the entire game.
 C = Kills by friends in this place as a percentage of kills by friends in the entire game.
 D = Other kills in this place as a percentage of other kills in the entire game.
 E = Experience gained in this place as a percentage of experience gained in the entire game.
 F = Experience gained in this place divided by the number of levels of this place that you have seen.
                   A       B       C       D       E      F
               +-------+-------+-------+-------+-------+----------------------
         Total | 100.0 | 100.0 |  -nan |  -nan | 100.0 | 117.8
       Dungeon | 100.0 | 100.0 |  -nan |  -nan | 100.0 | 117.8
               +-------+-------+-------+-------+-------+----------------------

Vanquished Creatures
  The ghost of 4thArraOfDagon the Ruffian, an amateur DrMo (D:4)
  2 hounds (D:4)
  3 gnolls (D:3)
  4 adders
  3 worms
  A giant gecko (D:1)
  An orc (D:3)
  2 giant cockroaches
  6 goblins
  7 hobgoblins
  2 jackals (D:1)
  A ball python (D:4)
  5 bats
  3 giant newts (D:1)
  9 kobolds
  7 rats
57 creatures vanquished.
